 Dungeon Crawl Stone Soup version 0.30.1-11-g7821555f0a (webtiles) character file.

Game seed: 11646973063989780545

46 comborobin the Sneak (level 3, -5/33 HPs)
             Began as a Minotaur Delver on Nov 20, 2023.
             Slain by an orc
             ... wielding a +0 flail
              (8 damage)
             ... on level 4 of the Dungeon.
             The game lasted 00:01:07 (258 turns).

comborobin the Sneak (Minotaur Delver)               Turns: 258, Time: 00:01:07

Health: -5/33      AC:  3    Str: 18    XL:     3   Next: 46%
Magic:  2/2        EV: 11    Int:  7    God:
Gold:   40         SH:  0    Dex: 11    Spells: 2/2 levels left

rFire   . . .        k - +0 whip (drain)
rCold   . . .        (no shield)
rNeg    . . .        b - +0 leather armour
rPois   .            (helmet restricted)
rElec   .            (no cloak)
rCorr   .            (no gloves)
SInv    .            (no boots)
Will    .....        (no amulet)
Stlth   ++           (no ring)
HPRegen 0.25/turn    (no ring)
MPRegen 0.08/turn

%: no passive effects
@: hasted, very quick
A: horns 2, retaliatory headbutt
a: no special abilities


You were on level 4 of the Dungeon.
You visited 1 branch of the dungeon, and saw 4 of its levels.

You collected 40 gold pieces.

Inventory:

Hand Weapons
 a - a +0 hand axe
 k - a +0 whip of draining (weapon)
Armour
 b - a +0 leather armour (worn)
Wands
 g - a wand of digging (3)
Scrolls
 c - 2 scrolls of fog
 e - a scroll of fear
 l - a scroll of magic mapping
Potions
 d - a potion of curing {unknown}
 i - a potion of cancellation


   Skills:
 + Level 4.1 Fighting
 - Level 2.8(3.2) Axes
 * Level 2.2(2.9) Maces & Flails
 + Level 1.6 Armour
 - Level 2.1 Dodging
 - Level 4.1 Stealth


You had 2 spell levels left.
You didn't know any spells.
Your spell library was empty.

Dungeon Overview and Level Annotations

Branches:
Dungeon (7/15)
 Temple: D:4-7

Altars:


Innate Abilities, Weirdness & Mutations

You have a pair of horns on your head.
You reflexively headbutt those who attack you in melee.


Message History

Your experience leads to an increase in your attributes!
Increase (S)trength, (I)ntelligence, or (D)exterity?
You feel stronger. x2
You see here a staff of air.
The orc closely misses you.
You are too injured to fight recklessly!
You barely miss the orc.
You are too injured to fight recklessly!
You hit the orc but do no damage. The orc barely misses you.
You whack the orc!
You kill the orc!
Your Maces & Flails skill increases to level 2!
You hit the gnoll but do no damage. You hit the gnoll. You drain the gnoll.
The gnoll is severely wounded.
The gnoll barely misses you.
You hit the gnoll.
The gnoll is severely wounded.
The gnoll misses you.
You hit the gnoll.
The gnoll is almost dead.
You see here a staff of air.
The gnoll barely misses you. You furiously retaliate!
You headbutt the gnoll!
You kill the gnoll!
You barely miss the orc. The orc hits you with a +0 flail.
You closely miss the orc. You closely miss the orc.
The orc hits you with a +0 flail.
You are too injured to fight recklessly!
You closely miss the orc. Your headbutt misses the orc.
The orc hits you with a +0 flail!
* * * LOW HITPOINT WARNING * * *
You are too injured to fight recklessly!
You barely miss the orc.
You are too injured to fight recklessly!
You closely miss the orc. The orc hits you with a +0 flail.
* * * LOW HITPOINT WARNING * * *
You are too injured to fight recklessly!
You barely miss the orc. Your punch misses the orc.
The orc hits you with a +0 flail!
You die...

##### .... #### ..#
.... .. #o# ..#
.#.#########g# .#
...........#o# #+
#..........#@# # #
#.........#.##....
##................. #
##.........#.##.....
## ##..........#.#
....
.###...........#..
...
..#............#...
..
....##.........#<...
.
#...+..#.......#....#


You could see a gnoll and 2 orcs.

Vanquished Creatures
  3 gnolls (D:4)
  An adder (D:4)
  4 orcs
8 creatures vanquished.

Notes
Turn   | Place    | Note
-------+----------+-------------------------------------------
     0 | D:5      | comborobin the Minotaur Delver began the quest for the Orb.
     0 | D:5      | Reached XP level 1. HP: 19/19 MP: 0/0
   153 | D:5      | Noticed a black bear
   204 | D:4      | Reached skill level 1 in Maces & Flails
   204 | D:4      | Reached skill level 1 in Armour
   204 | D:4      | Reached XP level 2. HP: 25/27 MP: 1/1
   239 | D:4      | Reached XP level 3. HP: 16/33 MP: 2/2
   258 | D:4      | Slain by an orc

Illustrated notes

Levels and vault maps discovered:
D:4:      layout_basic, nemelex_diamond_rough_becter,
          minmay_temple_entry_offerings, hellmonk_ghost_happy_afterlife,
          chequers_serial_rivers_room_a
D:5:      layout_basic, grunt_dithmenos_shadows, kennysheep_mini,
          portal_sewer_entry_c, uniq_menkaure
D:6:      layout_basic, old_standard_altar, serial_shops, shop
D:7:      layout_loops_ring, nzn_wu_jian_contemplation, enter_bailey_6,
          serial_shops, shop, hangedman_decor_diamond_cutter,
          chequers_guarded_unrand_ignorance, uniq_joseph

Skill      XL: |  1  2  3 |
---------------+----------+-----
Maces & Flails | 1 2 |  2.2
Armour         | 1 |  1.6
Fighting       | 4 |  4.1
Axes           | |  2.8
Dodging        | |  2.1
Stealth        | |  4.1

Action                     || total
---------------------------++-------
  Melee: Hand axe          ||     7
         Whip              ||    29
         Headbutt          ||     2
    Use: Scroll            ||     3
         Potion            ||     1
   Stab: Sleeping          ||     1
 Armour: Leather armour    ||     3
  Dodge: Dodged            ||    11
